 Dungeon Crawl Stone Soup version 0.32-a0-818-gb728d02 (webtiles) character file.

Game seed: 16772912531095021349

63 Meow the Conjurer (level 4, 30/36 HPs)
             Began as a Naga Conjurer on Mar 23, 2024.
             Quit the game on level 2 of the Dungeon.
             The game lasted 00:05:42 (1802 turns).

Meow the Conjurer (Naga Conjurer)                   Turns: 1802, Time: 00:05:42

Health: 30/36      AC:  2    Str:  9    XL:     4   Next: 10%
Magic:  3/8        EV:  8    Int: 20    God:
Gold:   76         SH:  0    Dex: 10    Spells: 6/9 levels left

rFire   . . .        a - +0 arbalest
rCold   . . .        (shield currently unavailable)
rNeg    . . .        d - +0 robe
rPois   +            (no helmet)
rElec   .            (no cloak)
rCorr   .            (no gloves)
SInv    +            (no barding)
Will    .....        (no amulet)
Stlth   ++           (no ring)
HPRegen 0.26/turn    (no ring)
MPRegen 0.11/turn

%: no passive effects
@: very slow
A: AC +1, large, see invisible, deformed body, poison resistance, slowness 2,
spit poison 1, naga tail 1
a: Spit Poison


You were on level 2 of the Dungeon.
You visited 1 branch of the dungeon, and saw 3 of its levels.

You collected 76 gold pieces.

Inventory:

Hand Weapons
 a - a +0 arbalest (weapon)
 b - a +4 dagger of electrocution
 j - a +0 war axe
 k - a +0 club
Missiles
 f - 4 poisoned darts
Armour
 d - a +0 robe (worn)
Scrolls
 c - a scroll of revelation
 g - 2 scrolls of enchant weapon
 l - a scroll of teleportation
 m - a scroll of brand weapon {unknown}
 p - a scroll of enchant armour {unknown}
 t - a scroll of vulnerability {unknown}
Potions
 e - a potion of haste {unknown}
 i - a potion of might {unknown}
 o - a potion of magic
 q - a potion of curing {unknown}
 r - 2 potions of enlightenment {unknown}
 s - a potion of resistance {unknown}
 u - a potion of mutation {unknown}


   Skills:
 - Level 1.5 Dodging
 - Level 3.0 Stealth
 + Level 3.1 Spellcasting
 + Level 4.8 Conjurations


You had 6 spell levels left.
You knew the following spells:

 Your Spells              Type           Power      Damage    Failure   Level
a - Magic Dart            Conj           88%        1d7       1%          1
b - Searing Ray           Conj           44%        2d6       3%          2

Your spell library contained the following spells:

 Spells                   Type           Power      Damage    Failure   Level
 Sandblast                Erth           6%         2d5       14%         1
 Stone Arrow              Conj/Erth      24%        3d8       16%         3
 Brom's Barrelling Bould  Conj/Erth      12%        2d4       45%         4
 Fulminant Prism          Conj/Alch      6%         3d7       45%         4
 Iskenderun's Mystic Bla  Conj/Tloc      12%        2d5       45%         4


Dungeon Overview and Level Annotations

Branches:
Dungeon (3/15)

Altars:


Innate Abilities, Weirdness & Mutations

Your serpentine skin is tough. (AC +1)
You have supernaturally acute eyesight. (SInv)
Armour fits poorly on your strangely shaped body.
Your system is resistant to poisons. (rPois)
You cover ground very slowly.
You can spit poison.
You have a snake-like lower body.


Message History

l - a scroll of teleportation
Things that are here:
a +0 dagger; a goblin skeleton
There is a stone staircase leading down here.
Okay, then.
You drop a scroll of noise.
There is a stone staircase leading down here.
You climb downwards.
Found a pair of embroidered gloves.
Found an escape hatch in the ceiling.
Found a stone staircase leading down.
There is a stone staircase leading up here.
The gnoll closely misses you.
The gnoll shouts!
You climb upwards.
There is a stone staircase leading down here.
Aiming: Spit Poison (2% risk of failure)
Press: ? - help, Shift-Dir - straight line, f - gnoll
Aim: a gnoll, wielding a +0 flail (65% to hit)
The splash of poison hits the gnoll.
The gnoll is heavily wounded.
The gnoll barely misses you.
Unknown command.
Casting: Magic Dart (safe; 1% risk of failure)
Confirm with . or Enter, or press ? or * to list all spells.
Aiming: Searing Ray (safe; 3% risk of failure)
Press: ? - help, Shift-Dir - straight line, f/p - gnoll
Aim: a gnoll, wielding a +0 flail (heavily wounded, 81% to hit)
The searing ray misses the gnoll. (Press . to maintain the ray.)
The gnoll hits you with a +0 flail.
Unknown command.
The searing ray hits the gnoll.
The gnoll is almost dead.
You have got your breath back.
The gnoll misses you.
The searing ray hits the gnoll!
You kill the gnoll!
You have reached level 4!
You feel agile.
Are you sure you want to abandon this character and quit the game? (Confirm with "yes".)

.....# #.# #.# #.# #.# #.#
###### #.# #.# #.# #.###.#
#.# #.# #.# #..##.# #.# #.#
#.# ##.##)### #.# #.# #.#
#.##.... #.# #.# #.# #.######
### ####.# #.# #.# #.######
..# ##.##.####)####.#
#....... #.#
##...#.>...)@?(..# #.)#####
#.# #...(.......###### #..#
..####...######## #..#
...####.##################..#
.........................†..#
...####.###################.#
..## #.# ### ##...###.###
...# #.# ##.####..#.......###
...# #.#
##.......###.........


There were no monsters in sight!

Vanquished Creatures
  An adder (D:2)
  A gnoll (D:2)
  6 bats
  6 endoplasms
  2 giant cockroaches (D:1)
  5 goblins
  4 hobgoblins (D:1)
  5 kobolds
  2 quokkas
  5 ball pythons
  3 rats
40 creatures vanquished.

Notes
Turn   | Place    | Note
-------+----------+-------------------------------------------
     0 | D:1      | Meow the Naga Conjurer began the quest for the Orb.
     0 | D:1      | Reached XP level 1. HP: 15/15 MP: 3/3
   110 | D:1      | Reached XP level 2. HP: 22/22 MP: 5/5
   113 | D:1      | Learned a level 2 spell: Searing Ray
   387 | D:1      | Found a faded altar of an unknown god.
   685 | D:1      | Reached XP level 3. HP: 28/28 MP: 6/6
  1802 | D:2      | Reached XP level 4. HP: 30/36 MP: 3/8
  1802 | D:2      | Quit the game

Illustrated notes

Levels and vault maps discovered:
D:1:      dpeg_arrival_subterranean_lakeside_camping, layout_loops_ring,
          hellmonk_ecumenical_altar_run_dry
D:2:      layout_loops_ring
D:3:      layout_rooms, gammafunk_ghost_nasty_kobolds, uniq_pargi

Skill      XL: |  1  2  3 |
---------------+----------+-----
Spellcasting   | 3 |  3.1
Dodging        | |  1.5
Stealth        | |  3.0
Conjurations   | |  4.8

Action                     |  1- 3 |  4- 6 || total
---------------------------+-------+-------++-------
  Melee: Club              |     4 |       ||     4
   Fire: Arbalest          |    15 |       ||    15
   Cast: Magic Dart        |    34 |       ||    34
         Searing Ray       |     4 |       ||     4
Ability: Spit Poison       |    25 |       ||    25
    Use: Scroll            |     4 |       ||     4
 Armour: Robe              |    12 |       ||    12
  Dodge: Dodged            |    16 |       ||    16

Table legend: (Time is in decaauts)
 A = Elapsed time spent in this place.
 B = Non-inter-level travel time spent in this place.
 C = Inter-level travel time spent in this place.
 D = Time resting spent in this place.
 E = Time spent auto-exploring this place.
 F = Levels seen in this place.
 G = Mean time per level.
                   A        B        C        D        E       F      G
               +--------+--------+--------+--------+--------+-----+--------+
         Total |   2325 |   2261 |     64 |    389 |   1603 |   3 |  775.0 |
       Dungeon |   2325 |   2261 |     64 |    389 |   1603 |   3 |  775.0 |
               +--------+--------+--------+--------+--------+-----+--------+

Top non-repeatable levels by time:
     D:1: 1363 daAuts
     D:2: 961 daAuts
     D:3: 1 daAuts
